 Dungeon Crawl Stone Soup version 0.25-a0-420-g1cc7eeb0d1 (webtiles) character file.

Game seed: 3459969513884707834, levelgen mode: deterministic

349 funkygono the Shield-Bearer (level 6, -7/52 HPs)
             Began as a Minotaur Fighter on Jan 19, 2020.
             Killed by divine providence
             ... invoked by an orc priest
              (12 damage)
             ... on level 4 of the Dungeon.
             The game lasted 00:08:22 (2385 turns).

funkygono the Shield-Bearer (Minotaur Fighter)      Turns: 2385, Time: 00:08:23

Health: -7/52      AC: 12    Str: 23    XL:     6   Next: 33%
Magic:  14/14      EV:  5    Int:  5    God:
Gold:   119        SH: 10    Dex:  9    Spells: 5/5 levels left

rFire    . . .     SeeInvis .   a - +2 flail
rCold    . . .     Gourm    .   c - +0 shield
rNeg     . . .     Faith    .   o - +0 plate armour
rPois    .         Spirit   .   (helmet restricted)
rElec    .         Reflect  .   (no cloak)
rCorr    .         Harm     .   (no gloves)
MR       .....                  (no boots)
Stlth    ..........             (no amulet)
HPRegen  0.17/turn              v - ring of magical power
MPRegen  0.14/turn              (no ring)

@: no status effects
A: retaliatory headbutt, horns 2
a: no special abilities


You were on level 4 of the Dungeon.
You were not hungry.

You visited 1 branch of the dungeon, and saw 4 of its levels.

You collected 119 gold pieces.

Inventory:

Hand Weapons
 a - a +2 flail (weapon)
 l - a +0 hunting sling
Missiles
 w - 23 arrows
Armour
 b - a +0 scale mail
 c - a +0 shield (worn)
 o - a +0 plate armour (worn)
Jewellery
 v - a ring of magical power (left hand)
Wands
 k - a wand of flame (15)
 u - a wand of polymorph (4)
Scrolls
 e - 2 scrolls of amnesia
 g - a scroll of fear {unknown}
 i - a scroll of remove curse
 t - a scroll of magic mapping
Potions
 d - a potion of might
 h - a potion of heal wounds
 j - 2 potions of brilliance
 m - a potion of agility {unknown}
 p - a potion of curing {unknown}
 q - 2 potions of flight
 r - 2 potions of haste
 s - a potion of magic {unknown}
Comestibles
 f - 6 rations


   Skills:
 + Level 4.1 Fighting
 + Level 4.9 Maces & Flails
 + Level 5.1 Armour
 + Level 0.7 Dodging
 + Level 6.1 Shields


You had 5 spell levels left.
You didn't know any spells.
Your spell library was empty.

Dungeon Overview and Level Annotations

Branches:
Dungeon (4/15)
 Temple: D:4-7

Altars:
Ashenzari


Innate Abilities, Weirdness & Mutations

You reflexively headbutt those who attack you in melee.
You have a pair of horns on your head.


Message History

The orc priest shouts!
The orc priest moves out of view.
Items here: ) [ †† a +0 mace; a +0 leather armour; an orc corpse x2
Butcher an orc corpse? [(y)es/(n)o/(a)ll/(q)uit/?]
You butcher the orc corpse. x2
A hound zombie comes into view.
Items here: %% ) [ ÷÷ You barely miss the orc priest.
You block the orc priest's attack.
You hit the orc priest but do no damage.
You headbutt the orc priest, but do no damage.
The orc priest invokes the aid of Beogh against you.
Beogh smites you!
* * * LOW HITPOINT WARNING * * *
The orc priest casts a cantrip, but nothing happens.
You closely miss the orc priest. You headbutt the orc priest!
The orc priest is severely wounded.
The orc priest calls down the wrath of Beogh upon you.
Beogh smites you!
You die...

#########
#.......+
#.......#
####..<....#
#oo@..#'####
####.#####..#
#...P§.# ...#
#..≈≈≈.# ...#
#§§§Z≈.##...#
#§§§§§≈.##...+
#§P≈§§≈o###..#
#§§..P§...
.§.§....


You could see an orc priest and an orc.

Vanquished Creatures
  The ghost of jperry the Conjurer, an amateur DrCj (D:3)
  A centaur zombie (D:4)
  An orc priest (D:4)
  A bullfrog skeleton (D:3)
  Ijyb (D:3)
  A killer bee zombie (D:3)
  6 adders
  An ooze (D:2)
  An adder zombie (D:2)
  A worm (D:2)
  A dart slug (D:1)
  3 leopard geckos (D:2)
  12 orcs
  2 ball pythons
  A giant cockroach (D:3)
  4 hobgoblins
  A quokka (D:3)
  6 bats
  2 frilled lizards (D:3)
  6 goblins
  A jackal skeleton (D:4)
  6 kobolds
  5 rats
65 creatures vanquished.

Notes
Turn   | Place    | Note
-------+----------+-------------------------------------------
     0 | D:1      | funkygono the Minotaur Fighter began the quest for the Orb.
     0 | D:1      | Reached XP level 1. HP: 19/19 MP: 0/0
   162 | D:1      | Reached skill level 4 in Shields
   182 | D:1      | Reached XP level 2. HP: 27/27 MP: 1/1
   759 | D:2      | Found a shattered altar of Ashenzari.
   870 | D:2      | Reached XP level 3. HP: 28/33 MP: 2/2
  1516 | D:2      | Reached XP level 4. HP: 39/40 MP: 3/3
  1787 | D:3      | Noticed Ijyb
  1802 | D:3      | Killed Ijyb
  1802 | D:3      | Reached skill level 5 in Shields
  1802 | D:3      | Reached XP level 5. HP: 46/46 MP: 4/4
  1836 | D:3      | Found a transporter.
  1836 | D:3      | Noticed jperry's ghost (amateur DrCj)
  1875 | D:3      | Found a transporter.
  2091 | D:3      | Killed jperry's ghost
  2091 | D:3      | Reached skill level 5 in Armour
  2110 | D:3      | Reached XP level 6. HP: 14/52 MP: 5/5
  2378 | D:4      | Reached skill level 6 in Shields
  2385 | D:4      | Killed from afar by an orc priest

Levels and vault maps discovered:
D:1:      matt_arrival_los_fun, layout_basic
D:2:      minmay_spotlight, layout_basic, nicolae_ashenzari_panopticon
D:3:      layout_basic, gammafunk_ghost_mausoleum, first_ration,
          kennysheep_generic_room_16, uniq_ijyb
D:4:      layout_gridville, lemuel_crystal_altar, temple_statues, serial_undead,
          serial_undead_e, serial_undead_f, serial_undead_e, serial_undead_c,
          serial_shops, nicolae_shop_crystal

Skill      XL: |  1  2  3  4  5  6 |
---------------+-------------------+-----
Shields        | 4 5 6 |  6.1
Armour         | 4 5 |  5.1
Maces & Flails | 3 4 |  4.9
Fighting       | 4 |  4.1
Dodging        | |  0.7

Action                   |  1- 3 |  4- 6 || total
-------------------------+-------+-------++-------
Melee: Flail             |    84 |   109 ||   193
       Headbutt          |    13 |    20 ||    33
       Unarmed           |       |     6 ||     6
  Use: Scroll            |     7 |     3 ||    10
  Eat: Chunk             |     2 |     2 ||     4
       Ration            |       |     1 ||     1
Armor: Scale mail        |    38 |       ||    38
       Plate armour      |    15 |    63 ||    78
Dodge: Dodged            |    22 |    30 ||    52
Block: Shield            |    54 |    55 ||   109

Table legend:
 A = Non-vault XP
 B = Vault XP
 C = Vault XP percentage of total XP
 D = Non-vault monster count
 E = Vault monster count
 F = Vault count percentage of total count
                 A         B        C        D         E       F
            +---------+---------+-------+---------+---------+-------
      Total |     203 |     296 |  59.3 |      51 |      14 |  21.5
            +---------+---------+-------+---------+---------+-------
        D:1 |      22 |       0 |   0.0 |      13 |       0 |   0.0
        D:2 |      52 |      28 |  35.0 |      18 |       5 |  21.7
        D:3 |      80 |     224 |  73.7 |      17 |       7 |  29.2
        D:4 |      49 |      44 |  47.3 |       3 |       2 |  40.0
            +---------+---------+-------+---------+---------+-------
